 Dungeon Crawl Stone Soup version 0.29.1-13-g9f3cf754e1 (webtiles) character file.

Game seed: 15540210756660216412

662 otct the Cleaver (level 7, -1/57 HPs)
             Began as a Minotaur Monk on Jan 21, 2023.
             Was a Believer of Okawaru.
             Slain by a gnoll sergeant
             ... wielding a +0 spear of distortion
              (6 damage)
             ... on level 5 of the Dungeon.
             The game lasted 00:11:11 (4858 turns).

otct the Cleaver (Minotaur Monk)                    Turns: 4858, Time: 00:11:11

Health: -1/57      AC: 15    Str: 17    XL:     7   Next: 30%
Magic:  7/8        EV:  8    Int:  7    God:    Okawaru [**....]
Gold:   226        SH:  0    Dex: 19    Spells: 6/6 levels left

rFire   . . .      SeeInvis .   r - +1 war axe
rCold   . . .      Faith    .   (no shield)
rNeg    . . .      Spirit   .   j - +0 chain mail
rPois   .          Reflect  .   (helmet restricted)
rElec   .          Harm     .   n - +1 cloak
rCorr   .          Rampage  .   o - +0 pair of gloves
Will    .....                   (no boots)
Stlth   ..........              (no amulet)
HPRegen 0.19/turn               l - +6 ring of dexterity
MPRegen 0.11/turn               k - +4 ring of protection

@: no status effects
A: horns 2, retaliatory headbutt
a: Renounce Religion, Heroism


You were on level 5 of the Dungeon.
You worshipped Okawaru.
Okawaru was pleased with you.
You visited 1 branch of the dungeon, and saw 5 of its levels.

You collected 226 gold pieces.

Inventory:

Hand Weapons
 r - a +1 war axe (weapon)
Armour
 j - a +0 chain mail (worn)
 n - a +1 cloak (worn)
 o - a +0 pair of gloves (worn)
 q - a +0 scale mail
Jewellery
 k - a +4 ring of protection (right hand)
 l - a +6 ring of dexterity (left hand)
 m - a +6 ring of intelligence
Wands
 h - a wand of mindburst (17)
Scrolls
 a - 2 scrolls of identify
 b - a scroll of butterflies {unknown}
 t - a scroll of enchant weapon
Potions
 c - a potion of ambrosia
 d - 6 potions of curing
 e - a potion of berserk rage {unknown}
 f - a potion of lignification
 g - 2 potions of brilliance
 i - 4 potions of invisibility
 p - a potion of flight {unknown}
 s - 2 potions of mutation {unknown}


   Skills:
 - Level 3.6 Fighting
 * Level 9.3 Axes
 - Level 3.2 Dodging
 - Level 1.5 Stealth
 + Level 3.2 Invocations


You had 6 spell levels left.
You didn't know any spells.
Your spell library contained the following spells:

 Spells                   Type           Power      Damage    Failure   Level
 Olgreb's Toxic Radiance  Pois           0%         N/A       100%        4
 Fireball                 Conj/Fire      0%         3d3       100%        5
 Starburst                Conj/Fire      0%         6d3       100%        6
 Ozocubu's Refrigeration  Ice            0%         4d7       100%        7
 Ignition                 Fire           0%         3d3       100%        8


Dungeon Overview and Level Annotations

Branches:
Dungeon (5/15)             Temple (0/1) D:4

Altars:
Elyvilon
Okawaru
Vehumet
Wu Jian
Xom


Innate Abilities, Weirdness & Mutations

You have a pair of horns on your head.
You reflexively headbutt those who attack you in melee.


Message History

The gnoll sergeant hits you with a +0 spear of distortion.
The gnoll barely misses you. The gnoll hits you but does no damage.
You are too injured to fight recklessly!
You are too injured to fight recklessly!
You are too injured to fight recklessly!
You are too injured to fight recklessly!
You are too injured to fight recklessly!
You are too injured to fight recklessly!
You are too injured to fight recklessly!
You are too injured to fight recklessly!
The gnoll attacks as you move away! The gnoll hits you but does no damage.
The gnoll sergeant hits you but does no damage.
You blink.
You are too injured to fight recklessly!
The gnoll throws a throwing net.
The throwing net closely misses you.
You see here a throwing net.
Aiming: Mindburst
Press: ? - help, Q - select action, (/) - cycle Shift-Dir - straight line, f - gnoll sergeant
Aim: a gnoll sergeant, wielding a +0 spear of distortion, wearing a +0 scale mail and wearing a +0 buckler (chance to affect: 64%)
The gnoll sergeant's mind is blasted!
You feel like a meek peon again.
The gnoll sergeant hits you but does no damage.
You are too injured to fight recklessly!
The gnoll hits you from afar with a +0 spear!
The gnoll sergeant hits you with a +0 spear of distortion.
Space warps around you.
* * * LOW HITPOINT WARNING * * *
You slash the gnoll sergeant!
You headbutt the gnoll sergeant, but do no damage.
The gnoll sergeant is almost dead.
The gnoll sergeant hits you with a +0 spear of distortion.
* * * LOW HITPOINT WARNING * * *
You blink.
The gnoll barely misses you. You furiously retaliate!
You headbutt the gnoll!
The gnoll hits you from afar with a +0 spear.
* * * LOW HITPOINT WARNING * * *
The gnoll hits you with a +0 whip.
* * * LOW HITPOINT WARNING * * *
The gnoll sergeant hits you from afar with a +0 spear of distortion.
You die...

#.#
#..########...
#.#
#.............
#.#
##.##########.
#.# #.# ##.##
#.#
####g..###.####
#.§g...)).....#
#.##gg.###.##.#
#.###@## #.# #
..# #.# #..
#### #.. ####
##.# .# .# .#
.#


You could see a gnoll sergeant and 3 gnolls.

Vanquished Creatures
  A water moccasin (D:4)
  An ogre (D:4)
  A phantom (D:4)
  A scorpion (D:4)
  A jelly (D:5)
  3 orc priests
  Jessica (D:2)
  6 gnolls (D:5)
  4 adders
  An ufetubus (D:5)
  A worm (D:3)
  3 dart slugs
  6 orcs
  6 bats
  An endoplasm (D:3)
  4 giant cockroaches
  7 goblins
  6 hobgoblins
  12 jackals
  3 quokkas
  3 ball pythons
  6 frilled lizards
  7 kobolds
  8 rats
93 creatures vanquished.

Vanquished Creatures (others)
  6 plants (D:5)
6 creatures vanquished.

Grand Total: 99 creatures vanquished

Notes
Turn   | Place    | Note
-------+----------+-------------------------------------------
     0 | D:1      | otct the Minotaur Monk began the quest for the Orb.
     0 | D:1      | Reached XP level 1. HP: 19/19 MP: 0/0
     1 | D:1      | Noticed an electric eel
   138 | D:1      | Reached skill level 4 in Axes
   171 | D:1      | Reached XP level 2. HP: 15/26 MP: 1/1
   385 | D:1      | Found a faded altar of an unknown god.
   975 | D:1      | Reached skill level 5 in Axes
  1089 | D:1      | Reached XP level 3. HP: 31/31 MP: 2/2
  1805 | D:2      | Noticed Jessica
  1808 | D:2      | Killed Jessica
  1809 | D:2      | Reached skill level 6 in Axes
  1809 | D:2      | Reached XP level 4. HP: 39/39 MP: 3/3
  1899 | D:2      | Found a shimmering altar of Xom.
  2530 | D:3      | Reached XP level 5. HP: 18/45 MP: 4/4
  2535 | D:3      | Reached skill level 7 in Axes
  2934 | D:3      | Found an ornate altar of the Wu Jian Council.
  2934 | D:3      | Found a radiant altar of Vehumet.
  2934 | D:3      | Found an iron altar of Okawaru.
  2934 | D:3      | Found a white marble altar of Elyvilon.
  3031 | D:3      | Became a worshipper of Warmaster Okawaru
  3031 | D:3      | Reached * piety under Okawaru
  3031 | D:3      | Reached ** piety under Okawaru
  3476 | D:4      | Reached skill level 1 in Invocations
  3491 | D:4      | Reached XP level 6. HP: 15/51 MP: 4/6
  3703 | D:4      | Found a staircase to the Ecumenical Temple.
  3768 | D:4      | Reached skill level 8 in Axes
  4253 | D:4      | Noticed a water moccasin
  4260 | D:4      | Killed a water moccasin
  4261 | D:4      | Reached skill level 9 in Axes
  4261 | D:4      | Reached XP level 7. HP: 57/57 MP: 4/8
  4621 | D:5      | Entered Level 5 of the Dungeon
  4858 | D:5      | Slain by a gnoll sergeant

Illustrated notes

Levels and vault maps discovered:
D:1:      arrival_aquarium_a, layout_basic, nicolae_ecumenical_snake_handling
D:2:      layout_loops_cross, basic_altar, uniq_jessica
D:3:      layout_basic, grunt_temple_overflow_cloverleaf,
          corexii_leaking_fountain, roderic_roman_lattice, grunt_ministairs_8,
          corexii_corridor_pit
D:4:      layout_basic, minmay_temple_entry_glass
D:5:      layout_loops_ring, serial_bayou_lake_a

Skill      XL: |  1  2  3  4  5  6  7 |
---------------+----------------------+-----
Axes           | 4 5 6 7 9 |  9.3
Invocations    | 1 2 3 |  3.2
Fighting       | |  3.6
Dodging        | |  3.2
Stealth        | |  1.5

Action                   |  1- 3 |  4- 6 |  7- 9 || total
-------------------------+-------+-------+-------++-------
Melee: Hand axe          |    75 |    92 |       ||   167
       Headbutt          |    14 |    19 |     5 ||    38
       War axe           |       |    18 |    25 ||    43
       Punch             |       |     1 |       ||     1
Invok: Heroism           |       |     1 |     1 ||     2
Evoke: Wand              |       |       |     1 ||     1
  Use: Scroll            |       |     9 |       ||     9
 Stab: Sleeping          |     3 |     7 |       ||    10
Armor: Robe              |    22 |       |       ||    22
       Leather armour    |       |    21 |       ||    21
       Scale mail        |       |     5 |     4 ||     9
       Chain mail        |       |       |    13 ||    13
Dodge: Dodged            |    48 |    56 |    15 ||   119
